 Dungeon Crawl Stone Soup version 0.26.1-11-gd32895ea62 (webtiles) character file.

Game seed: 5542097635630449168

542 dtburroughs the Chopper (level 7, -10/62 HPs)
             Began as a Minotaur Berserker on June 26, 2021.
             Was a Believer of Trog.
             Mangled by an ogre
             ... wielding a +0 giant club
              (27 damage)
             ... on level 4 of the Dungeon.
             The game lasted 00:07:51 (4281 turns).

dtburroughs the Chopper (Minotaur Berserker)        Turns: 4281, Time: 00:07:51

Health: -10/62     AC: 11    Str: 21 (22) XL:     7   Next: 6%
Magic:  6/6        EV: 12    Int:  5 (8)  God:    Trog [**....]
Gold:   146        SH:  0    Dex: 10 (13) Spells: 6/6 levels left

rFire    . . .     SeeInvis +   l - +0 mace (vorpal)
rCold    . . .     Faith    .   (no shield)
rNeg     + . .     Spirit   .   b - +4 ring mail "Cokhymia" {Int+2 Dex+4}
rPois    .         Reflect  .   (helmet restricted)
rElec    .         Harm     .   m - +0 cloak
rCorr    .         Rampage  .   (no gloves)
Will     ++...                  (no boots)
Stlth    ..........             (no amulet)
HPRegen  1.20/turn              g - ring of positive energy
MPRegen  0.10/turn              j - ring of see invisible

@: regenerating
A: retaliatory headbutt, horns 2
a: Renounce Religion, Berserk, Trog's Hand


You were on level 4 of the Dungeon.
You worshipped Trog.
Trog was pleased with you.
You visited 1 branch of the dungeon, and saw 5 of its levels.

You collected 146 gold pieces.

Inventory:

Hand Weapons
 a - a +0 hand axe
 l - a +0 vorpal mace (weapon)
 n - a -3 mace
 q - a +0 mace of draining
Armour
 b - the +4 ring mail "Cokhymia" (worn) {Int+2 Dex+4}
   (You found it on level 4 of the Dungeon)

   It affects your intelligence (+2).
   It affects your dexterity (+4).
 c - a +0 chain mail
 m - a +0 cloak (worn)
Jewellery
 g - a ring of positive energy (left hand)
 j - a ring of see invisible (right hand)
Scrolls
 d - a scroll of remove curse
 e - 2 scrolls of enchant armour {unknown}
 f - a scroll of enchant weapon {unknown}
 o - a scroll of amnesia {unknown}
 s - 2 scrolls of identify {unknown}
 t - a scroll of magic mapping {unknown}
 u - a scroll of fear {unknown}
Potions
 h - a potion of brilliance
 i - a potion of flight {unknown}
 k - a potion of mutation {unknown}
 p - a potion of curing
 r - 2 potions of degeneration


   Skills:
 + Level 5.7 Fighting
 + Level 5.8 Axes
 + Level 4.9 Armour
 + Level 4.6 Dodging


You had 6 spell levels left.
You didn't know any spells.
Your spell library was empty.

Dungeon Overview and Level Annotations

Branches:
Dungeon (5/15)
 Temple: D:4-7

Altars:


Innate Abilities, Weirdness & Mutations

You reflexively headbutt those who attack you in melee.
You have a pair of horns on your head.


Message History

You hit the ogre but do no damage. The gnoll hits you but does no damage.
The ogre hits you with a +0 giant club!!
The gnoll hits you from afar with a +0 spear.
The gnoll barely misses you.
You hit the gnoll but do no damage. The ogre hits you but does no damage.
The gnoll hits you with a +0 spear.
You barely miss the gnoll. You headbutt the gnoll!
The gnoll is heavily wounded.
The ogre hits you with a +0 giant club. The gnoll misses you.
The gnoll hits you with a +0 spear. The ogre hits you with a +0 giant club!
The gnoll misses you.
There is a stone staircase leading up here.
The gnoll barely misses you. The ogre hits you with a +0 giant club.
* * * LOW HITPOINT WARNING * * *
You climb upwards.
There is a stone staircase leading down here.
Your skin crawls.
You feel strong-willed.
The ogre hits you with a +0 giant club!!
You die...

.....#..................##.#.....
##..##..[.....##........#.......#
#########......#........#.#..#...
##....##............##.....
#......###..####..####.....
###.........# ##..###....#
####......####........###
##........=..........#
#...@.........##....#
##.O.....)..[.##.|..#
#..).........##.#...
#..........#####.... #.........##
##### ##.#..#...# # ####.#####
###


You could see an ogre.

Vanquished Creatures
  A phantom (D:4)
  2 killer bees
  Crazy Yiuf (D:3)
  An orc priest (D:3)
  An orc wizard (D:3)
  Jessica (D:3)
  An iguana (D:4)
  A worker ant (D:5)
  Natasha (thrice) (D:3)
  Terence (D:3)
  3 adders
  2 gnolls (D:4)
  A worm (D:2)
  3 dart slugs
  3 leopard geckos
  4 orcs
  4 giant cockroaches
  4 goblins
  3 hobgoblins
  3 jackals (D:4)
  A quokka (D:4)
  6 bats
  A jackal zombie (D:5)
  8 kobolds
  4 rats
63 creatures vanquished.

Notes
Turn   | Place    | Note
-------+----------+-------------------------------------------
     0 | D:1      | dtburroughs the Minotaur Berserker began the quest for the
                  | Orb.
     0 | D:1      | Reached XP level 1. HP: 19/19 MP: 0/0
   286 | D:1      | Reached XP level 2. HP: 24/27 MP: 1/1
  1245 | D:2      | Reached ** piety under Trog
  1255 | D:2      | Reached XP level 3. HP: 20/33 MP: 2/2
  1915 | D:3      | Noticed Jessica
  1923 | D:3      | Killed Jessica
  1924 | D:3      | Reached XP level 4. HP: 41/41 MP: 3/3
  1979 | D:3      | Reached XP level 5. HP: 47/47 MP: 4/4
  2020 | D:3      | Noticed Natasha
  2062 | D:3      | Killed Natasha
  2129 | D:3      | Noticed Natasha
  2149 | D:3      | Killed Natasha
  2160 | D:3      | Noticed Natasha
  2166 | D:3      | Killed Natasha
  2167 | D:3      | Reached skill level 5 in Axes
  2405 | D:3      | Found a runed translucent door.
  2406 | D:3      | Noticed Crazy Yiuf
  2582 | D:3      | Noticed Terence
  2604 | D:3      | Killed Terence
  2605 | D:3      | Reached skill level 5 in Fighting
  2743 | D:3      | Killed Crazy Yiuf
  2744 | D:3      | Reached XP level 6. HP: 53/56 MP: 5/5
  3614 | D:5      | Entered Level 5 of the Dungeon
  3614 | D:5      | Noticed an ice beast
  3877 | D:5      | Reached XP level 7. HP: 22/62 MP: 6/6
  3898 | D:4      | Got a brightly glowing ring mail
  4222 | D:4      | Identified the +4 ring mail "Cokhymia" {Int+2 Dex+4} (You
                  | found it on level 4 of the Dungeon)
  4281 | D:4      | Mangled by an ogre

Illustrated notes

Levels and vault maps discovered:
D:1:      scummos_arrival_simple_fountains, layout_loops_ring
D:2:      layout_basic
D:3:      layout_basic, uniq_terence, uniq_jessica, uniq_natasha,
          uniq_crazy_yiuf_cottage
D:4:      layout_cave_pools
D:5:      layout_basic, overflow_temple_1_default

Skill      XL: |  1  2  3  4  5  6 |
---------------+-------------------+-----
Fighting       | 4 5 |  5.7
Axes           | 4 5 |  5.8
Armour         | 3 4 |  4.9
Dodging        | 3 4 |  4.6

Action                   |  1- 3 |  4- 6 |  7- 9 || total
-------------------------+-------+-------+-------++-------
Melee: Hand axe          |    70 |    40 |       ||   110
       Headbutt          |    10 |    10 |     2 ||    22
       Unarmed           |       |    19 |       ||    19
       Mace              |       |    87 |     9 ||    96
Invok: Trog's Hand       |       |     2 |     1 ||     3
  Use: Scroll            |       |     2 |     1 ||     3
       Potion            |       |       |     3 ||     3
Armor: Chain mail        |    50 |    87 |     4 ||   141
       Ring mail         |       |       |     6 ||     6
Dodge: Dodged            |    46 |    93 |    13 ||   152
